 Dungeon Crawl Stone Soup version 0.16.1-5-gaa23807 (webtiles) character file.

207 inmateoo the Conjurer (level 5, -2/31 HPs)
             Began as an Octopode Conjurer on Mar 28, 2015.
             Killed by nerve-wracking pain
             ... invoked by ZiggyStardust's ghost
              (13 damage)
             ... on level 3 of the Dungeon.
             The game lasted 00:05:33 (3264 turns).

inmateoo the Conjurer (Octopode Conjurer)           Turns: 3264, Time: 00:05:33

Health: -2/31      AC:  1    Str:  8    XL:     5   Next: 85%
Magic:  4/10       EV: 13    Int: 18    God:
Gold:   61         SH:  0    Dex: 12    Spells: 3 memorised, 3 levels left

rFire  . . .     SeeInvis .     (no weapon)
rCold  . . .     Clarity  .     (no shield)
rNeg   . . .     SustAb   .     (helmet restricted)
rPois  .         Gourm    .     (no amulet)
rElec  .         Spirit   .     h - ring of stealth
rCorr  .         Warding  .     (no ring)
rMut   .         Stasis   .     (no ring)
MR     .....                    (no ring)
Stlth  +++++.....               (no ring)
                                (no ring)
                                (no ring)
                                (no ring)

@: lethally poisoned (-2 -> -21), not resistant to hostile enchantments, quite
stealthy
A: almost no armour, amphibious, 8 rings, constrict 8, camouflage 1, gelatinous
body 1
a: no special abilities


You were on level 3 of the Dungeon.
You were not hungry.

You visited 1 branch of the dungeon, and saw 3 of its levels.

You collected 61 gold pieces.

Inventory:

Missiles
 e - 8 javelins of penetration (quivered)
Jewellery
 h - a ring of stealth (left tentacle)
Potions
 d - a potion of brilliance {unknown}
 g - a potion of curing {unknown}
 i - 2 potions of haste {unknown}
 j - a potion of heal wounds
 k - a potion of restore abilities
 l - a potion of degeneration {unknown}
Books
 c - a book of Conjurations

   Spells                             Type                      Level
   a - Magic Dart                     Conjuration                  1
   b - Searing Ray                    Conjuration                  2
   c - Dazzling Spray                 Conjuration/Hexes            3
   d - Fulminant Prism                Conjuration/Hexes            4
   e - Iskenderun's Mystic Blast      Conjuration                  4
   f - Iskenderun's Battlesphere      Conjuration/Charms           5
Comestibles
 a - a meat ration
 b - 3 bread rations
 f - 2 beef jerkies
 m - 2 chunks of flesh


   Skills:
 + Level 2.9 Dodging
 + Level 4.3 Stealth
 + Level 2.9 Spellcasting
 * Level 5.5 Conjurations


You had 3 spell levels left.
You knew the following spells:

 Your Spells              Type           Power        Failure   Level  Hunger
a - Magic Dart            Conj           ###.         1%          1    None
b - Searing Ray           Conj           ###...       2%          2    ##.....
c - Dazzling Spray        Conj/Hex       ##......     21%         3    ###....


Dungeon Overview and Level Annotations

Branches:
Dungeon (3/15)

Altars:
Ru

Annotations:
D:2 exclusion: Sigmund
D:3 ZiggyStardust's ghost, average MfNe


Innate Abilities, Weirdness & Mutations

You cannot wear most types of armour.
You are amphibious.
You can wear up to eight rings at the same time.
You can use your tentacles to constrict many enemies at once.
Your skin changes colour to match your surroundings (Stealth).
Your rubbery body absorbs attacks (AC +1).


Message History

The searing ray hits ZiggyStardust's ghost.
ZiggyStardust's ghost is moderately damaged.
The searing ray hits ZiggyStardust's ghost.
ZiggyStardust's ghost is heavily damaged.
The searing ray misses ZiggyStardust's ghost.
You tentacle-slap ZiggyStardust's ghost but do no damage.
ZiggyStardust's ghost is moderately damaged.
ZiggyStardust's ghost hits you.
You are poisoned.
You closely miss ZiggyStardust's ghost.
ZiggyStardust's ghost is moderately damaged.
You feel sick. ZiggyStardust's ghost hits you!
You are lethally poisoned!
Unknown command.
You feel sick.
ZiggyStardust's ghost barely misses you.
You feel sick.
ZiggyStardust's ghost casts a spell at you.
Pain shoots through your body!
You die...

#.#.# .... . #.#.#
#.......##
#.#.#####.........
#<......#........#
#...###.#....(...#
..#.#####.#........#
.............# #..#
#..#'###+##...####..####..
#..(......#..@.............
#...÷....!##.#.###.#......
#........÷'W.#..##.# ...
.........#####.##.# .
..#'###### #..#.# # ####.#
##.# #..# #..#


You could see ZiggyStardust's ghost.

Vanquished Creatures
  Sigmund (D:2)
  An orc priest (D:3)
  Jessica (D:2)
  Robin (D:1)
  A worm (D:2)
  An ooze (D:3)
  A giant gecko (D:1)
  2 orcs (D:3)
  13 goblins
  9 hobgoblins
  12 jackals
  6 kobolds
  9 bats
  3 giant newts (D:2)
  8 rats
69 creatures vanquished.

Notes
Turn   | Place    | Note
--------------------------------------------------------------
     0 | D:1      | inmateoo, the Octopode Conjurer, began the quest for the Orb.
     0 | D:1      | Reached XP level 1. HP: 11/11 MP: 3/3
   280 | D:1      | Reached XP level 2. HP: 17/17 MP: 1/4
   924 | D:1      | Reached XP level 3. HP: 21/21 MP: 3/6
   928 | D:1      | Learned a level 2 spell: Searing Ray
   932 | D:1      | Learned a level 3 spell: Dazzling Spray
   957 | D:2      | Noticed Jessica
   963 | D:2      | Killed Jessica
  1219 | D:2      | Noticed Robin
  1314 | D:1      | Killed Robin
  1314 | D:1      | Reached XP level 4. HP: 16/27 MP: 4/8
  1514 | D:2      | Noticed Sigmund
  1568 | D:2      | Found a sacrificial altar of Ru.
  1787 | D:2      | Reached skill level 5 in Conjurations
  2486 | D:2      | Killed Sigmund
  2486 | D:2      | Reached XP level 5. HP: 17/31 MP: 4/9
  2629 | D:3      | Noticed ZiggyStardust's ghost (average MfNe)
  3264 | D:3      | Killed from afar by ZiggyStardust's ghost

Action                   |  1- 3 |  4- 6 || total
-------------------------+-------+-------++-------
Melee: Unarmed           |    13 |    13 ||    26
 Cast: Magic Dart        |    52 |    53 ||   105
       Searing Ray       |     3 |     9 ||    12
  Use: Scroll            |       |     5 ||     5
 Stab: Sleeping          |       |     1 ||     1
  Eat: Chunk             |     2 |     7 ||     9
